[Event "Klubbmästerskap 2025 Hängrond"]
[Site "Linköping, Sweden"]
[Date "2025.03.11"]
[Round "3.1"]
[White "Modéer, Björn"]
[Black "Tonkin, Archie"]
[Result "1-0"]
[TimeControl "90 min + 30 sec/move"]
[WhiteElo "1700"]
[BlackElo "1657"]

1. d4 d5 2. Bf4 e6 3. e3 Bd6 4. Bg3 Nf6 5. Nd2 Nc6 6. Ngf3 h6 7. c3 a6 8. Bd3 b5 9. a3 Bb7 10.
Ne5 Bxe5 11. dxe5 Nd7 12. f4 Nc5 13. Bc2 Ne7 14. O-O g6 15. Bh4 Qc8 16. Bxe7 Kxe7 17. Qg4 Kf8 18. Qh3 Kg7 19.
Nf3 Nd7 20. g4 Nf8 21. f5 exf5 22. gxf5 g5 23. Qg4 Nh7 24. h4 f6 25. Kf2 Kf8 26. Qh5 Ke7 27. Qxh6 Qf8 28. Qxf8+ Raxf8 29. exf6+ Kxf6 30. Rg1 Rhg8 31. hxg5+ Nxg5 32. Nxg5 Rxg5 33. Rxg5 Kxg5 34. Rg1+ Kf6 35. Rg6+ Ke7 36. Kg3 c6 37.
Kf4 Rf6 38. Rg7+ Rf7 39. Rxf7+ Kxf7 40. Ke5 c5 41. e4 dxe4 42. Bxe4 Bc8 43.
Bd5+ Ke7 44. f6+ Ke8 45. Kd6 c4 46. Kc7 1-0

[Event "Klubbmästerskap 2025 Hängrond"]
[Site "Linköping, Sweden"]
[Date "2025.03.11"]
[Round "3.2"]
[White "Stefanovic, Dragan 1958"]
[Black "Karlsson, Henrik 1974"]
[Result "0-1"]
[TimeControl "90 min + 30 sec/move"]
[WhiteElo "1791"]
[BlackElo "1804"]

1. e4 e6 2. d4 d5 3. Nd2 a6 4. e5 c5 5. c3 Nc6 6. Ndf3 Bd7 7. a3 Qc7 8. Bd3 c4 9. Bc2 Na5 10.
Ng5 Be7 11. Nxh7 O-O-O 12. Ng5 Bxg5 13. Bxg5 f6 14. Bf4 g5 15. Bg3 f5 16. f4 gxf4 17. Bxf4 Ne7 18. Bg5 Be8 19. Ne2 Bh5 20.
b4 cxb3 21. Bxb3 Rdg8 22. Bxe7 Qxe7 23. g3 f4 24. Qc2 Bxe2 25. Kxe2 Qg5 26. Rag1 fxg3 27. Ba2 g2 28. h4 Qg4+ 0-1

[Event "Klubbmästerskap 2025 Hängrond"]
[Site "Linköping, Sweden"]
[Date "2025.03.11"]
[Round "3.4"]
[White "Thyberg, André"]
[Black "Rosenbecker, Daniel"]
[Result "1-0"]
[TimeControl "90 min + 30 sec/move"]
[BlackTitle "CM"]
[WhiteElo "1961"]
[BlackElo "2110"]

1. e4 e5 2. Nf3 Nc6 3. Nc3 Nf6 4. Bb5 Nd4 5. Nxd4 exd4 6. e5 dxc3 7. exf6 Qxf6 8. dxc3 Be7 9. O-O O-O 10.
Be3 d5 11. Re1 Bd6 12. Bd3 Be6 13. Qh5 h6 14. Bd4 Qg5 15. Qxg5 hxg5 16. Be5 Rad8 17. Re3 f6 18. Bxd6 Rxd6 19.
Rae1 Kf7 20. Bg6+ Kxg6 21. Rxe6 Rxe6 22. Rxe6 Kf7 23. Re3 Rd8 24. Kf1 Rd6 25. Ke2 Ra6 26. a3 Rb6 27. b3 c5 28.
Kd3 Re6 29. Rxe6 Kxe6 30. c4 g4 31. c3 Kd6 32. b4 b6 33. b5 Ke5 34. cxd5 Kxd5 35. c4+ Ke5 36. Ke3 g6 37. h3 gxh3 38.
gxh3 Kf5 39. f4 Ke6 40. Ke4 f5+ 41. Kf3 Kf6 42. Kg3 Kg7 43. Kh4 Kh6 44. a4 g5+ 45. Kg3 Kg6 46. Kf3 Kh5 47.
fxg5 Kxg5 48. Kg3 f4+ 49. Kf3 Kh4 50. Kxf4 Kxh3 51. Ke5 Kg3 52. Kd6 Kf4 53. Kc6 Ke4 54. Kb7 Kd4 55. Kxa7 Kxc4 56.
a5 bxa5 57. b6 Kd3 58. b7 c4 59. b8=Q c3 60. Qf4 c2 61. Qc1 a4 62. Kb6 a3 63. Kb5 a2 64. Kb4 a1=R 65. Qxa1 Kd2 66.
Qd4+ Ke1 67. Qe3+ Kd1 68. Qd3+ Kc1 69. Kb3 Kb1 70. Qxc2+ Ka1 71. Qc1# 1-0

[Event "Klubbmästerskap 2025 Hängrond"]
[Site "Linköping, Sweden"]
[Date "2025.03.11"]
[Round "3.6"]
[White "Martinelle, Christoffer"]
[Black "Larsson, Elin"]
[Result "1-0"]
[TimeControl "90 min + 30 sec/move"]
[WhiteElo "1765"]
[BlackElo "1666"]

1. c4 e5 2. g3 Nf6 3. Bg2 c6 4. Nc3 Bc5 5. d3 O-O 6. Nf3 Re8 7. Bg5 h6 8. Bxf6 Qxf6 9. O-O Na6 10.
a3 Qe7 11. e3 d6 12. Rb1 Bg4 13. h3 Be6 14. b4 Bb6 15. Ne1 Rad8 16. b5 Nb8 17. bxc6 bxc6 18. Qb3 Qd7 19. Kh2 d5 20.
Na4 dxc4 21. dxc4 Ba5 22. Nc5 Qd6 23. Nb7 Qc7 24. Nxd8 Rxd8 25. Nf3 Na6 26. Qb7 Bxc4 27. Qxc7 Nxc7 28.
Rfc1 Bd5 29. Nxe5 Bxg2 30. Kxg2 Bb6 31. Rxc6 1-0

[Event "Klubbmästerskap 2025 Hängrond"]
[Site "Linköping, Sweden"]
[Date "2025.03.11"]
[Round "3.7"]
[White "Larsson, Emma 2008"]
[Black "Andersson, Albin"]
[Result "1/2-1/2"]
[TimeControl "90 min + 30 sec/move"]
[WhiteElo "1754"]
[BlackElo "1614"]

1. e4 e5 2. f4 Bc5 3. Nf3 d6 4. c3 Bg4 5. Bc4 Nf6 6. d4 exd4 7. cxd4 Bb6 8. Nc3 Nc6 9. Be3 Nxe4 10.
Bxf7+ Kxf7 11. Nxe4 Bxf3 12. Qxf3 h6 13. O-O-O Re8 14. Rhe1 Qd7 15. f5 Kg8 16. f6 Rf8 17. Qg3 d5 18.
fxg7 Rf7 19. Nc3 Rxg7 20. Qf3 Rf8 21. Qxd5+ Qxd5 22. Nxd5 Rxg2 23. Bxh6 Rd8 24. Ne7+ Nxe7 25. Rxe7 Rxd4 26.
Rxd4 Bxd4 27. Rxc7 Rxh2 28. Rc8+ Kf7 29.
Rf8+ Ke7 30. Rb8 Rxh6 31. Rxb7+ Kd6 32. Kc2 Rh2+ 33. Kb1 Kc6 34. Rb3 Rh1+ 1/2-1/2

[Event "Klubbmästerskap 2025 Hängrond"]
[Site "Linköping, Sweden"]
[Date "2025.03.11"]
[Round "3.8"]
[White "Leijon, Noah"]
[Black "Davidsson, Asker"]
[Result "0-1"]
[TimeControl "90 min + 30 sec/move"]
[WhiteElo "1803"]
[BlackElo "1823"]

1. e4 c5 2. Nf3 Nc6 3. d4 cxd4 4. Nxd4 g6 5. Nc3 Bg7 6. Be3 Nf6 7. Bc4 O-O 8. Qd2 Nxe4 9. Nxe4 d5 10.
O-O-O dxe4 11. Nxc6 Qxd2+ 12. Rxd2 bxc6 13. Rhd1 Bg4 14. Re1 Rab8 15. c3 Rb7 16. h3 Be6 17. Bxe6 fxe6 18. Red1 Kf7 19.
Rd8 Rxd8 20. Rxd8 Rc7 21. Ra8 c5 22. Kc2 Be5 23. Bh6 Bg7 24. Bxg7 Kxg7 25. Rd8 Kf6 26. a3 c4 27. a4 h5 28.
Kd2 Rb7 29. Ke3 Rxb2 30. Rd7 Rb3 31. Kd4 Rb2 32. Rxa7 Rxf2 33. Kxe4 Rxg2 34. Rb7 Rg3 35. a5 Rxc3 36. a6 Ra3 37.
a7 c3 38. Kd3 g5 39. Rc7 g4 40. hxg4 hxg4 41. Rxc3 Rxa7 42. Ke3 Kf5 43. Kf2 e5 44. Kg3 Rd7 45. Rc8 Rd3+ 46. Kg2 Rf3 47.
Re8 e6 48. Rf8+ Ke4 49. Re8 Rf6 50. Rg8 Kf4 51. Kf2 e4 0-1